 Dungeon Crawl Stone Soup version 0.25-b1-37-g2669288c55 (webtiles) character file.

Game seed: 8591587111683068652

6455 Lobotomite the Protected (level 10, 0/96 HPs)
             Began as a Deep Dwarf Fighter on June 4, 2020.
             Was an Initiate of Gozag.
             Killed from afar by a gargoyle (16 damage)
             ... with a stone arrow
             ... on level 10 of the Dungeon.
             The game lasted 00:57:21 (7550 turns).

Lobotomite the Protected (Deep Dwarf Fighter)       Turns: 7550, Time: 00:57:22

Health: 0/96       AC: 20    Str: 29    XL:     10   Next: 67%
Magic:  1/1        EV:  7    Int:  6    God:    Gozag
Gold:   98         SH: 12    Dex: 12    Spells: 9/9 levels left

rFire    x . .     SeeInvis +   K - +1 mace (vorpal)
rCold    . . .     Gourm    .   c - +0 kite shield
rNeg     . . .     Faith    .   L - +4 chain mail
rPois    .         Spirit   .   (no helmet)
rElec    .         Reflect  .   (no cloak)
rCorr    .         Harm     .   (no gloves)
MR       +....                  G - +0 pair of boots
Stlth    ..........             (no amulet)
HPRegen  0.00/turn              n - ring "Rihaustorubb" {+Fly rF- Str+5 Int-2 SInv}
MPRegen  0.07/turn              A - +4 ring of protection

@: brilliant, lethally poisoned (0 -> -4), gold aura, berserk cooldown,
non-regenerating, hasted and slowed
A: damage resistance, heal wounds, sense surroundings 2, no regeneration
a: Heal Wounds, Potion Petition, Call Merchant, Bribe Branch, Renounce Religion,
Evoke Flight


You were on level 10 of the Dungeon.
You worshipped Gozag.
Gozag was noncommittal.
You were not hungry.

You visited 1 branch of the dungeon, and saw 10 of its levels.

You collected 1909 gold pieces.
You spent 304 gold pieces at shops.
You paid 1507 gold pieces to Gozag.

Inventory:

Hand Weapons
 a - a +0 war axe
 q - a +0 war axe
 K - a +1 vorpal mace (weapon)
 R - a +3 battleaxe
 S - a +1 flail of freezing
 T - a +3 halberd
Missiles
 P - 4 curare-tipped darts (quivered)
Armour
 b - a +0 scale mail
 c - a +0 kite shield (worn)
 k - a +0 chain mail
 t - a +0 chain mail
 G - a +0 pair of boots (worn)
 H - a +0 plate armour
 J - a +0 chain mail of fire resistance
 L - a +4 chain mail (worn)
Magical Staves
 y - an uncursed staff of cold {unknown}
Jewellery
 n - the ring "Rihaustorubb" (left hand) {+Fly rF- Str+5 Int-2 SInv}
   (You bought it in a shop on level 9 of the Dungeon)

   [ring of see invisible]

   It affects your strength (+5).
   It affects your intelligence (-2).
   It makes you vulnerable to fire.
   It lets you see invisible.
   It lets you fly.
 p - an uncursed ring of positive energy
 A - a +4 ring of protection (right hand)
 B - an uncursed ring of ice
 D - an uncursed ring of wizardry
 W - an uncursed ring of stealth
Wands
 N - a wand of iceblast (10)
 Q - a wand of clouds (4)
 V - a wand of paralysis (8)
Scrolls
 h - 2 scrolls of random uselessness
 o - 4 scrolls of identify
 r - 6 scrolls of fog
 u - 7 scrolls of remove curse
 z - a scroll of immolation {unknown}
 C - a scroll of amnesia
 F - 3 scrolls of fear
 I - 3 scrolls of teleportation
 M - a scroll of enchant weapon {unknown}
 U - a scroll of summoning {unknown}
Potions
 d - a potion of might
 e - a potion of flight {unknown}
 g - a potion of ambrosia {unknown}
 i - 2 potions of resistance {unknown}
 j - 2 potions of degeneration {unknown}
 l - 3 potions of mutation {unknown}
 m - a potion of stabbing {unknown}
 s - 4 potions of curing {unknown}
 v - 4 potions of brilliance {unknown}
 x - 4 potions of heal wounds {unknown}
 E - 3 potions of lignification {unknown}
 O - a potion of experience {unknown}
Comestibles
 f - 5 rations


   Skills:
 + Level 7.9 Fighting
 - Level 6.1(7.5) Axes
 + Level 5.9(7.0) Maces & Flails
 + Level 9.4 Armour
 + Level 3.3 Stealth
 + Level 9.4 Shields


You had 9 spell levels left.
You didn't know any spells.
Your spell library contained the following spells:

 Spells                   Type           Power        Failure   Level  Hunger
 Infusion                 Chrm           #...         99%         1    None
 Shroud of Golubria       Chrm/Tloc      #.....       100%        2    None
 Song of Slaying          Chrm           #.......     100%        2    None
 Ozocubu's Armour         Chrm/Ice       #.......     100%        3    None
 Spectral Weapon          Hex/Chrm       #.......     100%        3    None


Dungeon Overview and Level Annotations

Branches:
Dungeon (10/15)            Temple (0/1) D:4            Lair (0/6) D:10
    Orc: D:9-12

Altars:
Ashenzari
Gozag
Makhleb
Nemelex Xobeh
Okawaru
Qazlal
Ru
Uskayaw
Vehumet
Xom

Shops:
D:4 *   D:9 =

Annotations:
D:6 1 runed translucent door, diana's ghost, novice DsFi


Innate Abilities, Weirdness & Mutations

You are resistant to damage.
You can heal yourself by infusing magical energy.
You passively map the area around you.
You do not regenerate.


Message History

You kill the orc wizard!
You feel sick.
You feel sick.
The gargoyle is no longer distracted by gold.
The gargoyle hurls a stone arrow at you.
The stone arrow hits you but does no damage.
There is an open door, spattered with blood here.
Things that are here:
6 gold pieces; a +2 dagger of venom; a +0 robe You feel a strong urge to attack something.
You are no longer berserk.
You are exhausted.
You feel yourself slow down.
You feel sick.
Things that are here:
7 gold pieces; a +0 mace You feel sick.
The gargoyle hurls a stone arrow at you.
The stone arrow hits you!!
You die...
Your body crumbles into a pile of gold.

#.##.##.........
**
##.##.##.........
,
#..##.##....>....
, ,
#.###............
##.#
#..#####+#### +
#..# #..#.. #.##
#..#.#*,,.#*,
,*,* #.#
#9.#.##...# #.#
##@#...# ,, **
#.#####$$# , * *
#.#.....#...# *
#.#.....#.##...#
,* * #.#.....#.#
.# * #.#####.#..
,* * * #.# #.###*
+* * #.# ##.# ,
,,, #.# ##..# , ,
,


You could see a gargoyle.

Vanquished Creatures
  2 gargoyles
  Grinder (D:6)
  A hippogriff (D:7)
  A yak (D:10)
  A hungry ghost (D:9)
  A water moccasin (D:9)
  2 orc warriors
  3 phantoms
  2 black bears
  A sky beast (D:7)
  2 necrophages
  4 ogres
  2 centaurs
  A big kobold (D:7)
  A bullfrog (D:9)
  5 scorpions
  2 water moccasin skeletons
  25 killer bees
  9 wights
  2 howler monkeys
  5 crimson imps
  A centaur zombie (D:10)
  2 quasits
  6 orc priests
  3 hounds
  A bullfrog skeleton (D:7)
  9 orc wizards
  A centaur skeleton (D:3)
  6 iguanas
  9 worker ants
  3 hound zombies
  Robin (D:4)
  8 gnolls
  A howler monkey skeleton (D:9)
  2 worker ant zombies
  14 adders
  5 shadow imps
  2 oozes (D:2)
  2 adder skeletons (D:9)
  4 worms
  3 dart slugs
  7 leopard geckos
  21 orcs
  5 giant cockroaches
  10 goblins
  16 hobgoblins
  6 jackals
  11 kobolds
  5 quokkas
  2 ball pythons
  9 bats
  7 frilled lizards
  A jackal skeleton (D:6)
  2 leopard gecko skeletons
  A leopard gecko zombie (D:7)
  A quokka skeleton (D:5)
  16 rats
276 creatures vanquished.

Vanquished Creatures (others)
  An orc (D:3)
  2 withered plants (D:6)
3 creatures vanquished.

Grand Total: 279 creatures vanquished

Notes
Turn   | Place    | Note
-------+----------+-------------------------------------------
     0 | D:1      | Lobotomite the Deep Dwarf Fighter began the quest for the
                  | Orb.
     0 | D:1      | Reached XP level 1. HP: 20/20 MP: 1/1
    73 | D:1      | Reached XP level 2. HP: 14/27 MP: 2/2
   863 | D:2      | Reached XP level 3. HP: 34/34 MP: 3/3
   902 | D:2      | Found a faded altar of an unknown god.
  1078 | D:2      | Found an iron altar of Okawaru.
  1093 | D:2      | Found an opulent altar of Gozag.
  1097 | D:2      | Became a worshipper of Gozag Ym Sagoz the Greedy
  1223 | D:2      | Reached XP level 4. HP: 36/42 MP: 4/4
  1675 | D:3      | Reached XP level 5. HP: 24/49 MP: 5/5
  1688 | D:3      | Found a radiant altar of Vehumet.
  1987 | D:3      | Found a shattered altar of Ashenzari.
  2066 | D:3      | Found a sparkling altar of Nemelex Xobeh.
  2145 | D:4      | Found Oczaps Vowe's Elemental Accessories.
  2219 | D:4      | Found a shattered altar of Ashenzari.
  2239 | D:4      | Noticed Robin
  2253 | D:4      | Killed Robin
  2338 | D:4      | Reached XP level 6. HP: 53/57 MP: 4/4
  2427 | D:4      | Reached skill level 5 in Shields
  2487 | D:4      | Reached skill level 5 in Armour
  2528 | D:4      | Found a hide-covered altar of Uskayaw.
  2540 | D:4      | Found a staircase to the Ecumenical Temple.
  2625 | D:4      | Reached XP level 7. HP: 57/66 MP: 5/5
  3305 | D:5      | Entered Level 5 of the Dungeon
  3425 | D:5      | Reached skill level 5 in Axes
  3488 | D:5      | Found a stormy altar of Qazlal.
  3615 | D:5      | Reached skill level 5 in Fighting
  3622 | D:5      | Reached XP level 8. HP: 40/73 MP: 6/6
  3694 | D:5      | Found a shimmering altar of Xom.
  3723 | D:5      | Found a burning altar of Makhleb.
  3776 | D:6      | Noticed Grinder
  3802 | D:6      | Paralysed by Grinder for 6 turns
  3810 | D:6      | Killed Grinder
  4088 | D:6      | Reached skill level 1 in Maces & Flails
  4218 | D:6      | Noticed a gargoyle
  4254 | D:6      | Killed a gargoyle
  4254 | D:6      | Gained mutation: You passively map the area around you.
                  | [Deep Dwarf growth]
  4254 | D:6      | Reached XP level 9. HP: 49/82 MP: 5/5
  4380 | D:6      | Found a stormy altar of Qazlal.
  4715 | D:6      | Found a runed translucent door.
  4715 | D:6      | Noticed diana's ghost (novice DsFi)
  5810 | D:8      | Found a sacrificial altar of Ru.
  5968 | D:8      | Reached XP level 10. HP: 71/94 MP: 3/3
  6455 | D:9      | Bought the ring "Rihaustorubb" {+Fly rF- Str+5 Int-2 SInv}
                  | for 304 gold pieces
  6525 | D:9      | Reached skill level 5 in Maces & Flails
  6787 | D:9      | Reached skill level 1 in Stealth
  7305 | D:10     | Entered Level 10 of the Dungeon
  7416 | D:10     | Found a staircase to the Lair.
  7514 | D:10     | Noticed a gargoyle
  7514 | D:10     | Noticed a gargoyle
  7544 | D:10     | Killed a gargoyle
  7550 | D:10     | Killed from afar by a gargoyle

Illustrated notes

Levels and vault maps discovered:
D:1:      dpeg_arrival_erosion, layout_loops_ring, minmay_misc_feat_iff,
          minmay_nonomino_d4
D:2:      layout_loops_ring, minitemple, chequers_ecumenical_altar_island,
          lightli_corner_chamber
D:3:      layout_basic, ashenzari_conservatory_becter, fiery_altar_vehumet,
          nemelex_altar_shiori, first_ration
D:4:      minmay_bubble_buster, layout_gridville, kennysheep_mini_moat,
          minmay_temple_entry_arrows, nicolae_elemental_shop,
          minmay_misc_feat_rugged, ashenzari_altar_1, uniq_robin
D:5:      layout_rooms, grunt_temple_overflow_champion_of_chaos,
          grunt_qazlal_clouds
D:6:      layout_basic, gammafunk_ghost_grave, lemuel_tele_altar, uniq_grinder
D:7:      layout_rooms
D:8:      layout_basic, nicolae_ru_great_annihilating_truth
D:9:      layout_loops_ring
D:10:     minmay_the_grid_3x2 [minmay_the_grid_square_x,
          minmay_the_grid_stretched_grid, minmay_the_grid_x,
          minmay_the_grid_empty, minmay_the_grid_rooms,
          minmay_the_grid_prize_inner_circle], layout_rooms, grunt_pizzeria,
          uniq_grum, uniq_erolcha

Skill      XL: |  1  2  3  4  5  6  7  8  9 10 |
---------------+-------------------------------+-----
Fighting       | 3 4 5 6 7 |  7.9
Axes           | 3 4 5 6 |  6.1
Armour         | 4 5 6 7 8 9 |  9.4
Shields        | 4 5 6 7 8 9 |  9.4
Maces & Flails | 2 4 5 |  5.9
Stealth        | 3 |  3.3

Action                   |  1- 3 |  4- 6 |  7- 9 | 10-12 || total
-------------------------+-------+-------+-------+-------++-------
Melee: War axe           |   116 |   230 |   213 |       ||   559
       Mace              |       |       |   425 |   312 ||   737
Invok: Potion Petition   |       |       |       |     2 ||     2
       Call Merchant     |       |       |       |     1 ||     1
 Abil: Heal Wounds       |     1 |     6 |    12 |     6 ||    25
  Use: Scroll            |     1 |     3 |     1 |     8 ||    13
       Potion            |       |       |     1 |       ||     1
 Stab: Distracted        |       |       |     2 |     1 ||     3
       Paralysed         |       |       |     1 |       ||     1
  Eat: Chunk             |     1 |       |       |       ||     1
       Ration            |       |     2 |     3 |     3 ||     8
Armor: Scale mail        |    23 |       |       |       ||    23
       Chain mail        |    34 |   139 |   468 |   139 ||   780
       Plate armour      |       |       |    18 |       ||    18
Dodge: Dodged            |    34 |    57 |   226 |    92 ||   409
Block: Kite shield       |    60 |   130 |   501 |   214 ||   905
